 Dungeon Crawl Stone Soup version 0.31-a0-182-gc5ef74bbde (webtiles) character file.

Game seed: 12229936449554260307

3605 qw the Skirmisher (level 10, 94/94 HPs)
             Began as a Naga Hunter on June 20, 2023.
             Was a Believer of Okawaru.
             Quit the game on level 7 of the Dungeon.
             The game lasted 00:07:28 (6886 turns).

qw the Skirmisher (Naga Hunter)                     Turns: 6886, Time: 00:07:28

Health: 94/94      AC:  6    Str: 19    XL:     10   Next: 10%
Magic:  13/13      EV: 16    Int:  8    God:    Okawaru [**....]
Gold:   414        SH:  0    Dex: 17    Spells: 9/9 levels left

rFire   . . .        Y - +1 shortbow (drain)
rCold   . . .        (shield currently unavailable)
rNeg    . . .        o - +0 steam dragon scales
rPois   +            (helmet restricted)
rElec   .            (no cloak)
rCorr   .            (no gloves)
SInv    +            (no barding)
Will    +....        k - amulet of regeneration
Stlth   ++           d - +5 ring of evasion
HPRegen 1.15/turn    (no ring)
MPRegen 0.13/turn

%: no passive effects
@: very slow
A: AC +3, large, see invisible, deformed body, poison resistance, slowness 2,
spit poison 2, naga tail 1, antennae 1, strong 1
a: Breathe Poison Gas, Renounce Religion, Heroism


You were on level 7 of the Dungeon.
You worshipped Okawaru.
Okawaru was pleased with you.
You visited 2 branches of the dungeon, and saw 8 of its levels.

You collected 414 gold pieces.


Innate Abilities, Weirdness & Mutations

Your serpentine skin is tough. (AC +3)
You have supernaturally acute eyesight. (SInv)
Armour fits poorly on your strangely shaped body.
Your system is resistant to poisons. (rPois)
You cover ground very slowly.
You can exhale a cloud of poison.
You have a snake-like lower body.
You have a pair of small antennae on your head.
Your muscles are strong. (Str +4, Int/Dex -1)


   Skills:
 - Level 7.2 Fighting
 + Level 10.8 Ranged Weapons
 - Level 1.3 Armour
 - Level 3.0 Dodging
 - Level 1.5 Stealth
 - Level 4.1 Invocations


You had 9 spell levels left.
You didn't know any spells.
Your spell library was empty.

Inventory:

Hand Weapons
 Y - a +1 shortbow of draining (weapon)
Armour
 o - +0 steam dragon scales (worn)
Jewellery
 d - a +5 ring of evasion (left hand)
 i - a ring of ice
 k - an amulet of regeneration (around neck)
Scrolls
 a - a scroll of identify
Potions
 b - a potion of curing
 e - a potion of enlightenment
 h - a potion of resistance {unknown}
 j - a potion of mutation
 l - a potion of might
 m - a potion of magic {unknown}
 p - a potion of attraction {unknown}

Dungeon Overview and Level Annotations

Branches:
Dungeon (7/15)             Temple (1/1) D:5

Altars:
Ashenzari
Cheibriados
Dithmenos
Elyvilon
Fedhas
Gozag
Hepliaklqana
Kikubaaqudgha
Nemelex Xobeh
Okawaru
Qazlal
Ru
Sif Muna
Uskayaw
Vehumet
Wu Jian
Xom
Yredelemnul
Zin

Annotations:
D:5 2 transporters, qw's ghost, amateur NaHu
D:7 1 runed translucent door, qw's ghost, novice NaHu


Message History

6848 ||| Stepping randomly (stuck).
There is a stone staircase leading up here.
6849 ||| Stepping randomly (stuck).
6850 ||| Stepping randomly (stuck).
6851 ||| Stepping randomly (stuck).
6852 ||| Stepping randomly (stuck).
6853 ||| Stepping randomly (stuck).
6854 ||| Stepping randomly (stuck).
6855 ||| Stepping randomly (stuck).
6856 ||| Stepping randomly (stuck).
6857 ||| Stepping randomly (stuck).
6858 ||| Stepping randomly (stuck).
6859 ||| Stepping randomly (stuck).
6860 ||| Stepping randomly (stuck).
6861 ||| Stepping randomly (stuck).
6862 ||| Stepping randomly (stuck).
6863 ||| Stepping randomly (stuck).
6864 ||| Stepping randomly (stuck).
6865 ||| Stepping randomly (stuck).
6866 ||| Stepping randomly (stuck).
6867 ||| Stepping randomly (stuck).
6868 ||| Stepping randomly (stuck).
6869 ||| Stepping randomly (stuck).
6870 ||| Stepping randomly (stuck).
6871 ||| Stepping randomly (stuck).
6872 ||| Stepping randomly (stuck).
6873 ||| Stepping randomly (stuck).
6874 ||| Stepping randomly (stuck).
6875 ||| Stepping randomly (stuck).
6876 ||| Stepping randomly (stuck).
6877 ||| Stepping randomly (stuck).
6878 ||| Stepping randomly (stuck).
6879 ||| Stepping randomly (stuck).
6880 ||| Stepping randomly (stuck).
6881 ||| Stepping randomly (stuck).
6882 ||| Stepping randomly (stuck).
6883 ||| Stepping randomly (stuck).
6884 ||| Stepping randomly (stuck).
6885 ||| Stepping randomly (stuck).
Are you sure you want to abandon this character and quit the game? (Confirm with "yes".)

#### #.#########
...# #.# ##.# #.#
#.# #.# #.# ##.##
#.# #.).########
##.# #........<.#
...# #....#####.#
#### #....#####@#
# #.#.....##.#
########...##.##.#
##....W#...##.##.#
##$~~~~+.........#
#$....#..###.####
########## #.# #.#
#.#


There were no monsters in sight!

Vanquished Creatures
  Pikel (D:7)
  Maggie (D:7)
  An orc warrior (D:6)
  A sky beast (D:7)
  8 ice beasts
  3 black bears
  2 ogres
  A lemure (D:7)
  A bullfrog (D:6)
  2 gnoll sergeants
  7 wights (D:7)
  3 howler monkeys
  A jelly (D:6)
  6 hounds
  2 orc priests
  2 sleepcaps
  Jessica (D:2)
  An iguana (D:7)
  7 orc wizards
  13 gnolls
  5 adders
  A white imp (D:6)
  4 worms
  10 dart slugs
  12 orcs
  11 ball pythons
  9 endoplasms
  6 hobgoblins
  6 jackals
  3 quokkas
  3 bats
  5 frilled lizards
  6 goblins
  4 kobolds
  6 rats
155 creatures vanquished.

Notes
Turn   | Place    | Note
-------+----------+-------------------------------------------
     0 | D:1      | qw the Naga Hunter began the quest for the Orb.
     0 | D:1      | Reached XP level 1. HP: 19/19 MP: 1/1
     0 | D:1      | 0 ||| qw: Version: 0.3-a-9-g12657ce
     0 | D:1      | 0 ||| qw: Game counter: 1308
     0 | D:1      | 0 ||| qw: Always use a shield: true
     0 | D:1      | 0 ||| qw: God list: Okawaru
     0 | D:1      | 0 ||| qw: Allow faded altars: false
     0 | D:1      | 0 ||| qw: Do Orc after D:15 true
     0 | D:1      | 0 ||| qw: Do second Lair branch before Depths: true
     0 | D:1      | 0 ||| qw: Lair rune preference: random
     0 | D:1      | 0 ||| qw: Plans: Normal
     0 | D:1      | 0 ||| PLANNING D:1-11
    53 | D:1      | 53 ||| INVOKING Spit Poison.
    83 | D:1      | 83 ||| INVOKING Spit Poison.
    89 | D:1      | 89 ||| INVOKING Spit Poison.
   159 | D:1      | 159 ||| INVOKING Spit Poison.
   160 | D:1      | Reached skill level 4 in Ranged Weapons
   160 | D:1      | Reached XP level 2. HP: 26/26 MP: 2/2
   183 | D:1      | 183 ||| INVOKING Spit Poison.
   188 | D:1      | 188 ||| INVOKING Spit Poison.
   251 | D:1      | 251 ||| INVOKING Spit Poison.
   338 | D:1      | 338 ||| INVOKING Spit Poison.
   401 | D:1      | 401 ||| INVOKING Spit Poison.
   437 | D:1      | 437 ||| INVOKING Spit Poison.
   459 | D:1      | Reached XP level 3. HP: 29/32 MP: 3/3
   459 | D:1      | 459 ||| INVOKING Spit Poison.
   500 | D:1      | 500 ||| INVOKING Spit Poison.
   673 | D:1      | 673 ||| DROPPING amulet of magic regeneration.
   674 | D:1      | 674 ||| UPGRADING to +5 ring of evasion.
   675 | D:1      | 675 ||| READING 2 scrolls labelled ATYHOETS ODUGG.
   676 | D:1      | 676 ||| READING scroll labelled AQOGHO DIMOOM.
   734 | D:1      | 734 ||| READING scroll labelled NARPHU USKALO.
   735 | D:1      | 735 ||| READING scroll labelled UNURUA VUXEY.
   736 | D:1      | 736 ||| READING scroll labelled WYCZUS OFAI.
   737 | D:1      | 737 ||| READING scroll labelled ICAAHU YCINN.
   738 | D:1      | 738 ||| READING scroll labelled UTE ABREEMIEXT.
   739 | D:1      | 739 ||| DROPPING scroll of butterflies.
   780 | D:2      | 780 ||| INVOKING Spit Poison.
   788 | D:2      | 788 ||| INVOKING Spit Poison.
   843 | D:2      | Noticed Jessica
   844 | D:2      | 844 ||| INVOKING Spit Poison.
   845 | D:2      | Killed Jessica
   846 | D:2      | Reached skill level 5 in Ranged Weapons
   846 | D:2      | Reached XP level 4. HP: 39/39 MP: 4/4
   855 | D:2      | 855 ||| READING scroll of brand weapon.
   855 | D:2      | 855 ||| BRANDING +1 shortbow of electrocution.
   924 | D:2      | 924 ||| INVOKING Spit Poison.
   930 | D:2      | 930 ||| INVOKING Spit Poison.
   950 | D:2      | 950 ||| INVOKING Spit Poison.
   990 | D:2      | 990 ||| INVOKING Spit Poison.
   995 | D:2      | 995 ||| INVOKING Spit Poison.
  1046 | D:2      | 1046 ||| INVOKING Spit Poison.
  1051 | D:2      | 1051 ||| INVOKING Spit Poison.
  1203 | D:2      | 1203 ||| INVOKING Spit Poison.
  1356 | D:2      | 1356 ||| READING scroll labelled IRYIXO BOHABBU.
  1357 | D:2      | 1357 ||| READING 2 scrolls labelled PIOGOUPEGA.
  1358 | D:2      | 1358 ||| READING scroll labelled XAUPEPPUDUSU.
  1362 | D:2      | 1362 ||| DRINKING 2 amethyst potions.
  1362 | D:2      | Gained mutation: You can exhale a cloud of poison. [potion
                  | of mutation]
  1362 | D:2      | Gained mutation: You have a pair of small antennae on your
                  | head. [potion of mutation]
  1362 | D:2      | Gained mutation: Your muscles are strong. (Str +4, Int/Dex
                  | -1) [potion of mutation]
  1363 | D:2      | 1363 ||| DROPPING scroll of fear.
  1442 | D:3      | 1442 ||| INVOKING Breathe Poison Gas.
  1457 | D:3      | 1457 ||| INVOKING Breathe Poison Gas.
  1471 | D:3      | Reached skill level 3 in Fighting
  1477 | D:3      | Reached XP level 5. HP: 44/49 MP: 5/5
  1563 | D:3      | Noticed a black bear
  1565 | D:3      | 1565 ||| INVOKING Breathe Poison Gas.
  1567 | D:3      | Killed a black bear
  1588 | D:3      | 1588 ||| INVOKING Breathe Poison Gas.
  1590 | D:3      | Reached skill level 6 in Ranged Weapons
  1631 | D:3      | 1631 ||| INVOKING Breathe Poison Gas.
  1838 | D:3      | 1838 ||| INVOKING Breathe Poison Gas.
  1911 | D:3      | 1911 ||| INVOKING Breathe Poison Gas.
  1915 | D:3      | Reached XP level 6. HP: 56/56 MP: 6/6
  1942 | D:3      | 1942 ||| INVOKING Breathe Poison Gas.
  1952 | D:3      | 1952 ||| INVOKING Breathe Poison Gas.
  2151 | D:3      | 2151 ||| DROPPING ring of flight.
  2152 | D:3      | 2152 ||| READING scroll labelled IGIDAU QAWONUMN.
  2153 | D:3      | 2153 ||| READING 2 scrolls of identify.
  2153 | D:3      | 2153 ||| IDENTIFYING orange potion
  2201 | D:4      | 2201 ||| INVOKING Breathe Poison Gas.
  2206 | D:4      | 2206 ||| INVOKING Breathe Poison Gas.
  2209 | D:4      | 2209 ||| STAIRDANCE
  2233 | D:4      | 2233 ||| INVOKING Breathe Poison Gas.
  2258 | D:4      | 2258 ||| INVOKING Breathe Poison Gas.
  2301 | D:4      | 2301 ||| INVOKING Breathe Poison Gas.
  2320 | D:4      | 2320 ||| INVOKING Breathe Poison Gas.
  2410 | D:4      | 2410 ||| INVOKING Breathe Poison Gas.
  2421 | D:4      | 2421 ||| INVOKING Breathe Poison Gas.
  2452 | D:4      | 2452 ||| INVOKING Breathe Poison Gas.
  2453 | D:4      | 2453 ||| INVOKING Breathe Poison Gas.
  2585 | D:4      | 2585 ||| INVOKING Breathe Poison Gas.
  2623 | D:4      | 2623 ||| INVOKING Breathe Poison Gas.
  2653 | D:4      | 2653 ||| INVOKING Breathe Poison Gas.
  2655 | D:4      | 2655 ||| Stepping ~*~*~tactically~*~*~ (outnumbered).
  2661 | D:4      | 2661 ||| INVOKING Breathe Poison Gas.
  2841 | D:4      | 2841 ||| INVOKING Breathe Poison Gas.
  2848 | D:4      | Found a shimmering blue altar of Sif Muna.
  3014 | D:4      | 3014 ||| READING scroll labelled OSUINU YJAA.
  3015 | D:4      | 3015 ||| DRINKING 2 murky silvery potions.
  3059 | D:5      | Entered Level 5 of the Dungeon
  3067 | D:5      | Found a transporter.
  3069 | D:5      | Noticed qw's ghost (amateur NaHu)
  3083 | D:5      | 3083 ||| INVOKING Breathe Poison Gas.
  3095 | D:5      | Noticed an ice beast
  3097 | D:5      | 3097 ||| INVOKING Breathe Poison Gas.
  3098 | D:5      | 3098 ||| INVOKING Breathe Poison Gas.
  3099 | D:5      | Reached XP level 7. HP: 66/66 MP: 7/7
  3134 | D:5      | Reached skill level 7 in Ranged Weapons
  3296 | D:5      | Found a transporter.
  3334 | D:5      | Found a staircase to the Ecumenical Temple.
  3335 | D:5      | 3335 ||| PLANNING TEMPLE
  3335 | D:5      | 3335 ||| UPGRADING to amulet of regeneration.
  3340 | D:5      | 3340 ||| READING scroll labelled BIUCREEDAR.
  3347 | Temple   | Entered the Ecumenical Temple
  3410 | Temple   | 3410 ||| PLANNING OKAWARU WORSHIP
  3515 | Temple   | Became a worshipper of Warmaster Okawaru
  3516 | Temple   | 3516 ||| PLANNING D:1-11
  3588 | D:5      | 3588 ||| INVOKING Breathe Poison Gas.
  3590 | D:5      | Reached XP level 8. HP: 60/73 MP: 8/8
  3600 | D:5      | Reached skill level 8 in Ranged Weapons
  3601 | D:5      | HP: 17/73 [ogre/+0 giant club (25)]
  3602 | D:5      | 3602 ||| READING 2 scrolls of teleportation.
  3603 | D:5      | 3603 ||| DRINKING potion of heal wounds.
  3604 | D:5      | 3604 ||| Stepping ~*~*~tactically~*~*~ (outnumbered).
  3605 | D:5      | 3605 ||| INVOKING Breathe Poison Gas.
  3611 | D:5      | Reached * piety under Okawaru
  3653 | D:5      | 3653 ||| INVOKING Heroism.
  3654 | D:5      | 3654 ||| INVOKING Breathe Poison Gas.
  3684 | D:5      | 3684 ||| Stepping ~*~*~tactically~*~*~ (outnumbered).
  3686 | D:5      | 3686 ||| Stepping ~*~*~tactically~*~*~ (outnumbered).
  3687 | D:5      | 3687 ||| INVOKING Breathe Poison Gas.
  3690 | D:5      | 3690 ||| Stepping ~*~*~tactically~*~*~ (outnumbered).
  3701 | D:5      | 3701 ||| INVOKING Breathe Poison Gas.
  3922 | D:6      | 3922 ||| PLANNING SEWER
  3942 | D:6      | Reached skill level 1 in Invocations
  3991 | D:6      | 3991 ||| INVOKING Breathe Poison Gas.
  4028 | D:6      | 4028 ||| INVOKING Breathe Poison Gas.
  4101 | D:6      | 4101 ||| INVOKING Breathe Poison Gas.
  4102 | D:6      | 4102 ||| INVOKING Breathe Poison Gas.
  4164 | D:6      | Found the +6 shillelagh "Devastator" {shatter}
  4165 | D:6      | 4165 ||| INVOKING Heroism.
  4166 | D:6      | 4166 ||| INVOKING Breathe Poison Gas.
  4190 | D:6      | 4190 ||| INVOKING Breathe Poison Gas.
  4191 | D:6      | Reached skill level 9 in Ranged Weapons
  4191 | D:6      | Reached skill level 3 in Invocations
  4201 | D:6      | 4201 ||| INVOKING Breathe Poison Gas.
  4394 | D:6      | 4394 ||| INVOKING Breathe Poison Gas.
  4396 | D:6      | Reached XP level 9. HP: 81/81 MP: 11/11
  4411 | D:6      | 4411 ||| INVOKING Breathe Poison Gas.
  4456 | D:6      | 4456 ||| RIP SEWER
  4491 | D:6      | 4491 ||| PLANNING D:1-11
  4498 | D:6      | Reached skill level 3 in Dodging
  4533 | D:6      | 4533 ||| INVOKING Heroism.
  4668 | D:6      | 4668 ||| INVOKING Heroism.
  4669 | D:6      | 4669 ||| Stepping ~*~*~tactically~*~*~ (outnumbered).
  4672 | D:6      | 4672 ||| INVOKING Breathe Poison Gas.
  4683 | D:6      | 4683 ||| INVOKING Heroism.
  4687 | D:6      | 4687 ||| INVOKING Breathe Poison Gas.
  4688 | D:6      | Reached skill level 6 in Fighting
  4949 | D:6      | Found a hazy altar of Hepliaklqana.
  4949 | D:6      | Found a shadowy altar of Dithmenos.
  4951 | D:6      | Found a hide-covered altar of Uskayaw.
  5027 | D:6      | 5027 ||| DRINKING 2 dark potions.
  5051 | D:7      | 5051 ||| PLANNING OSSUARY
  5059 | D:7      | 5059 ||| INVOKING Breathe Poison Gas.
  5060 | D:7      | 5060 ||| INVOKING Breathe Poison Gas.
  5072 | D:7      | Noticed Pikel
  5073 | D:7      | 5073 ||| INVOKING Heroism.
  5088 | D:7      | 5088 ||| INVOKING Breathe Poison Gas.
  5089 | D:7      | Killed Pikel
  5167 | D:7      | 5167 ||| INVOKING Breathe Poison Gas.
  5170 | D:7      | Reached skill level 10 in Ranged Weapons
  5180 | D:7      | Found a white marble altar of Elyvilon.
  5273 | D:7      | 5273 ||| Stepping ~*~*~tactically~*~*~ (outnumbered).
  5292 | D:7      | 5292 ||| INVOKING Heroism.
  5355 | D:7      | 5355 ||| INVOKING Heroism.
  5356 | D:7      | 5356 ||| INVOKING Breathe Poison Gas.
  5392 | D:7      | 5392 ||| INVOKING Breathe Poison Gas.
  5460 | D:7      | Noticed Maggie
  5461 | D:7      | 5461 ||| INVOKING Breathe Poison Gas.
  5466 | D:7      | 5466 ||| INVOKING Breathe Poison Gas.
  5468 | D:7      | Killed Maggie
  5468 | D:7      | Reached ** piety under Okawaru
  5469 | D:7      | Reached XP level 10. HP: 94/94 MP: 13/13
  5617 | D:7      | Found a sand-covered staircase.
  5618 | D:7      | 5618 ||| UPGRADING to +0 robe of willpower.
  5628 | D:7      | 5628 ||| DROPPING +0 leather armour.
  5629 | D:7      | 5629 ||| UPGRADING to +0 steam dragon scales.
  5639 | D:7      | 5639 ||| DROPPING +0 robe of willpower.
  5671 | D:6      | 5671 ||| INVOKING Breathe Poison Gas.
  5691 | D:6      | Reached skill level 1 in Armour
  5720 | D:7      | 5720 ||| Stepping randomly (stuck).
  5721 | D:7      | 5721 ||| Stepping randomly (stuck).
  5722 | D:7      | 5722 ||| Stepping randomly (stuck).
  5723 | D:7      | 5723 ||| Stepping randomly (stuck).
  5724 | D:7      | 5724 ||| Stepping randomly (stuck).
  5725 | D:7      | 5725 ||| Stepping randomly (stuck).
  5726 | D:7      | 5726 ||| Stepping randomly (stuck).
  5727 | D:7      | 5727 ||| Stepping randomly (stuck).
  5728 | D:7      | 5728 ||| Stepping randomly (stuck).
  5729 | D:7      | 5729 ||| Stepping randomly (stuck).
  5730 | D:7      | 5730 ||| Stepping randomly (stuck).
  5731 | D:7      | 5731 ||| Stepping randomly (stuck).
  5732 | D:7      | 5732 ||| Stepping randomly (stuck).
  5733 | D:7      | 5733 ||| Stepping randomly (stuck).
  5734 | D:7      | 5734 ||| Stepping randomly (stuck).
  5735 | D:7      | 5735 ||| Stepping randomly (stuck).
  5736 | D:7      | 5736 ||| Stepping randomly (stuck).
  5737 | D:7      | 5737 ||| Stepping randomly (stuck).
  5738 | D:7      | 5738 ||| Stepping randomly (stuck).
  5739 | D:7      | 5739 ||| Stepping randomly (stuck).
  5740 | D:7      | 5740 ||| INVOKING Breathe Poison Gas.
  5741 | D:7      | 5741 ||| Stepping randomly (stuck).
  5742 | D:7      | 5742 ||| Stepping randomly (stuck).
  5746 | D:7      | 5746 ||| INVOKING Breathe Poison Gas.
  5747 | D:7      | 5747 ||| Stepping randomly (stuck).
  5748 | D:7      | 5748 ||| Stepping randomly (stuck).
  5749 | D:7      | 5749 ||| Stepping randomly (stuck).
  5750 | D:7      | 5750 ||| Stepping randomly (stuck).
  5751 | D:7      | 5751 ||| Stepping randomly (stuck).
  5752 | D:7      | 5752 ||| Stepping randomly (stuck).
  5753 | D:7      | 5753 ||| Stepping randomly (stuck).
  5754 | D:7      | 5754 ||| Stepping randomly (stuck).
  5755 | D:7      | 5755 ||| Stepping randomly (stuck).
  5756 | D:7      | 5756 ||| Stepping randomly (stuck).
  5757 | D:7      | 5757 ||| Stepping randomly (stuck).
  5758 | D:7      | 5758 ||| Stepping randomly (stuck).
  5759 | D:7      | 5759 ||| Stepping randomly (stuck).
  5760 | D:7      | 5760 ||| Stepping randomly (stuck).
  5761 | D:7      | 5761 ||| Stepping randomly (stuck).
  5761 | D:7      | Found a runed translucent door.
  5762 | D:7      | 5762 ||| Stepping randomly (stuck).
  5763 | D:7      | 5763 ||| Stepping randomly (stuck).
  5764 | D:7      | 5764 ||| Stepping randomly (stuck).
  5765 | D:7      | 5765 ||| Stepping randomly (stuck).
  5766 | D:7      | 5766 ||| Stepping randomly (stuck).
  5767 | D:7      | 5767 ||| Stepping randomly (stuck).
  5768 | D:7      | 5768 ||| Stepping randomly (stuck).
  5769 | D:7      | 5769 ||| Stepping randomly (stuck).
  5770 | D:7      | 5770 ||| Stepping randomly (stuck).
  5771 | D:7      | 5771 ||| Stepping randomly (stuck).
  5772 | D:7      | 5772 ||| Stepping randomly (stuck).
  5773 | D:7      | 5773 ||| Stepping randomly (stuck).
  5773 | D:7      | Noticed qw's ghost (novice NaHu)
  5774 | D:7      | 5774 ||| Stepping randomly (stuck).
  5775 | D:7      | 5775 ||| Stepping randomly (stuck).
  5776 | D:7      | 5776 ||| READING scroll of teleportation.
  5838 | D:7      | 5838 ||| Stepping randomly (stuck).
  5839 | D:7      | 5839 ||| Stepping randomly (stuck).
  5840 | D:7      | 5840 ||| Stepping randomly (stuck).
  5841 | D:7      | 5841 ||| Stepping randomly (stuck).
  5842 | D:7      | 5842 ||| Stepping randomly (stuck).
  5843 | D:7      | 5843 ||| Stepping randomly (stuck).
  5844 | D:7      | 5844 ||| Stepping randomly (stuck).
  5845 | D:7      | 5845 ||| Stepping randomly (stuck).
  5846 | D:7      | 5846 ||| Stepping randomly (stuck).
  5847 | D:7      | 5847 ||| Stepping randomly (stuck).
  5848 | D:7      | 5848 ||| Stepping randomly (stuck).
  5849 | D:7      | 5849 ||| Stepping randomly (stuck).
  5850 | D:7      | 5850 ||| Stepping randomly (stuck).
  5851 | D:7      | 5851 ||| Stepping randomly (stuck).
  5852 | D:7      | 5852 ||| Stepping randomly (stuck).
  5853 | D:7      | 5853 ||| Stepping randomly (stuck).
  5854 | D:7      | 5854 ||| Stepping randomly (stuck).
  5855 | D:7      | 5855 ||| Stepping randomly (stuck).
  5856 | D:7      | 5856 ||| Stepping randomly (stuck).
  5857 | D:7      | 5857 ||| Stepping randomly (stuck).
  5858 | D:7      | 5858 ||| Stepping randomly (stuck).
  5859 | D:7      | 5859 ||| Stepping randomly (stuck).
  5860 | D:7      | 5860 ||| Stepping randomly (stuck).
  5861 | D:7      | 5861 ||| Stepping randomly (stuck).
  5862 | D:7      | 5862 ||| Stepping randomly (stuck).
  5863 | D:7      | 5863 ||| Stepping randomly (stuck).
  5864 | D:7      | 5864 ||| Stepping randomly (stuck).
  5865 | D:7      | 5865 ||| Stepping randomly (stuck).
  5866 | D:7      | 5866 ||| Stepping randomly (stuck).
  5867 | D:7      | 5867 ||| Stepping randomly (stuck).
  5868 | D:7      | 5868 ||| Stepping randomly (stuck).
  5869 | D:7      | 5869 ||| Stepping randomly (stuck).
  5870 | D:7      | 5870 ||| Stepping randomly (stuck).
  5871 | D:7      | 5871 ||| Stepping randomly (stuck).
  5872 | D:7      | 5872 ||| Stepping randomly (stuck).
  5873 | D:7      | 5873 ||| Stepping randomly (stuck).
  5874 | D:7      | 5874 ||| Stepping randomly (stuck).
  5875 | D:7      | 5875 ||| Stepping randomly (stuck).
  5876 | D:7      | 5876 ||| Stepping randomly (stuck).
  5877 | D:7      | 5877 ||| Stepping randomly (stuck).
  5878 | D:7      | 5878 ||| Stepping randomly (stuck).
  5879 | D:7      | 5879 ||| Stepping randomly (stuck).
  5880 | D:7      | 5880 ||| Stepping randomly (stuck).
  5881 | D:7      | 5881 ||| Stepping randomly (stuck).
  5882 | D:7      | 5882 ||| Stepping randomly (stuck).
  5883 | D:7      | 5883 ||| Stepping randomly (stuck).
  5884 | D:7      | 5884 ||| Stepping randomly (stuck).
  5885 | D:7      | 5885 ||| Stepping randomly (stuck).
  5886 | D:7      | 5886 ||| Stepping randomly (stuck).
  5887 | D:7      | 5887 ||| Stepping randomly (stuck).
  5888 | D:7      | 5888 ||| Stepping randomly (stuck).
  5889 | D:7      | 5889 ||| Stepping randomly (stuck).
  5890 | D:7      | 5890 ||| Stepping randomly (stuck).
  5891 | D:7      | 5891 ||| Stepping randomly (stuck).
  5892 | D:7      | 5892 ||| Stepping randomly (stuck).
  5893 | D:7      | 5893 ||| Stepping randomly (stuck).
  5894 | D:7      | 5894 ||| Stepping randomly (stuck).
  5895 | D:7      | 5895 ||| Stepping randomly (stuck).
  5896 | D:7      | 5896 ||| Stepping randomly (stuck).
  5897 | D:7      | 5897 ||| Stepping randomly (stuck).
  5898 | D:7      | 5898 ||| Stepping randomly (stuck).
  5899 | D:7      | 5899 ||| Stepping randomly (stuck).
  5900 | D:7      | 5900 ||| Stepping randomly (stuck).
  5901 | D:7      | 5901 ||| Stepping randomly (stuck).
  5902 | D:7      | 5902 ||| Stepping randomly (stuck).
  5903 | D:7      | 5903 ||| Stepping randomly (stuck).
  5904 | D:7      | 5904 ||| Stepping randomly (stuck).
  5905 | D:7      | 5905 ||| Stepping randomly (stuck).
  5906 | D:7      | 5906 ||| Stepping randomly (stuck).
  5907 | D:7      | 5907 ||| Stepping randomly (stuck).
  5908 | D:7      | 5908 ||| Stepping randomly (stuck).
  5909 | D:7      | 5909 ||| Stepping randomly (stuck).
  5910 | D:7      | 5910 ||| Stepping randomly (stuck).
  5911 | D:7      | 5911 ||| Stepping randomly (stuck).
  5912 | D:7      | 5912 ||| Stepping randomly (stuck).
  5913 | D:7      | 5913 ||| Stepping randomly (stuck).
  5914 | D:7      | 5914 ||| Stepping randomly (stuck).
  5915 | D:7      | 5915 ||| Stepping randomly (stuck).
  5916 | D:7      | 5916 ||| Stepping randomly (stuck).
  5917 | D:7      | 5917 ||| Stepping randomly (stuck).
  5918 | D:7      | 5918 ||| Stepping randomly (stuck).
  5919 | D:7      | 5919 ||| Stepping randomly (stuck).
  5920 | D:7      | 5920 ||| Stepping randomly (stuck).
  5921 | D:7      | 5921 ||| Stepping randomly (stuck).
  5922 | D:7      | 5922 ||| Stepping randomly (stuck).
  5923 | D:7      | 5923 ||| Stepping randomly (stuck).
  5924 | D:7      | 5924 ||| Stepping randomly (stuck).
  5925 | D:7      | 5925 ||| Stepping randomly (stuck).
  5926 | D:7      | 5926 ||| Stepping randomly (stuck).
  5927 | D:7      | 5927 ||| Stepping randomly (stuck).
  5928 | D:7      | 5928 ||| Stepping randomly (stuck).
  5929 | D:7      | 5929 ||| Stepping randomly (stuck).
  5930 | D:7      | 5930 ||| Stepping randomly (stuck).
  5931 | D:7      | 5931 ||| Stepping randomly (stuck).
  5932 | D:7      | 5932 ||| Stepping randomly (stuck).
  5933 | D:7      | 5933 ||| Stepping randomly (stuck).
  5934 | D:7      | 5934 ||| Stepping randomly (stuck).
  5935 | D:7      | 5935 ||| Stepping randomly (stuck).
  5936 | D:7      | 5936 ||| Stepping randomly (stuck).
  5937 | D:7      | 5937 ||| Stepping randomly (stuck).
  5938 | D:7      | 5938 ||| Stepping randomly (stuck).
  5939 | D:7      | 5939 ||| Stepping randomly (stuck).
  5940 | D:7      | 5940 ||| Stepping randomly (stuck).
  5941 | D:7      | 5941 ||| Stepping randomly (stuck).
  5942 | D:7      | 5942 ||| Stepping randomly (stuck).
  5943 | D:7      | 5943 ||| Stepping randomly (stuck).
  5944 | D:7      | 5944 ||| Stepping randomly (stuck).
  5945 | D:7      | 5945 ||| Stepping randomly (stuck).
  5946 | D:7      | 5946 ||| Stepping randomly (stuck).
  5947 | D:7      | 5947 ||| Stepping randomly (stuck).
  5948 | D:7      | 5948 ||| Stepping randomly (stuck).
  5949 | D:7      | 5949 ||| Stepping randomly (stuck).
  5950 | D:7      | 5950 ||| Stepping randomly (stuck).
  5951 | D:7      | 5951 ||| Stepping randomly (stuck).
  5952 | D:7      | 5952 ||| Stepping randomly (stuck).
  5953 | D:7      | 5953 ||| Stepping randomly (stuck).
  5954 | D:7      | 5954 ||| Stepping randomly (stuck).
  5955 | D:7      | 5955 ||| Stepping randomly (stuck).
  5956 | D:7      | 5956 ||| Stepping randomly (stuck).
  5957 | D:7      | 5957 ||| Stepping randomly (stuck).
  5958 | D:7      | 5958 ||| Stepping randomly (stuck).
  5959 | D:7      | 5959 ||| Stepping randomly (stuck).
  5960 | D:7      | 5960 ||| Stepping randomly (stuck).
  5961 | D:7      | 5961 ||| Stepping randomly (stuck).
  5962 | D:7      | 5962 ||| Stepping randomly (stuck).
  5963 | D:7      | 5963 ||| Stepping randomly (stuck).
  5964 | D:7      | 5964 ||| Stepping randomly (stuck).
  5965 | D:7      | 5965 ||| Stepping randomly (stuck).
  5966 | D:7      | 5966 ||| Stepping randomly (stuck).
  5967 | D:7      | 5967 ||| Stepping randomly (stuck).
  5968 | D:7      | 5968 ||| Stepping randomly (stuck).
  5969 | D:7      | 5969 ||| Stepping randomly (stuck).
  5970 | D:7      | 5970 ||| Stepping randomly (stuck).
  5971 | D:7      | 5971 ||| Stepping randomly (stuck).
  5972 | D:7      | 5972 ||| Stepping randomly (stuck).
  5973 | D:7      | 5973 ||| Stepping randomly (stuck).
  5974 | D:7      | 5974 ||| Stepping randomly (stuck).
  5975 | D:7      | 5975 ||| Stepping randomly (stuck).
  5976 | D:7      | 5976 ||| Stepping randomly (stuck).
  5977 | D:7      | 5977 ||| Stepping randomly (stuck).
  5978 | D:7      | 5978 ||| Stepping randomly (stuck).
  5979 | D:7      | 5979 ||| Stepping randomly (stuck).
  5980 | D:7      | 5980 ||| Stepping randomly (stuck).
  5981 | D:7      | 5981 ||| Stepping randomly (stuck).
  5982 | D:7      | 5982 ||| Stepping randomly (stuck).
  5983 | D:7      | 5983 ||| Stepping randomly (stuck).
  5984 | D:7      | 5984 ||| Stepping randomly (stuck).
  5985 | D:7      | 5985 ||| Stepping randomly (stuck).
  5986 | D:7      | 5986 ||| Stepping randomly (stuck).
  5987 | D:7      | 5987 ||| Stepping randomly (stuck).
  5988 | D:7      | 5988 ||| Stepping randomly (stuck).
  5989 | D:7      | 5989 ||| Stepping randomly (stuck).
  5990 | D:7      | 5990 ||| Stepping randomly (stuck).
  5991 | D:7      | 5991 ||| Stepping randomly (stuck).
  5992 | D:7      | 5992 ||| Stepping randomly (stuck).
  5993 | D:7      | 5993 ||| Stepping randomly (stuck).
  5994 | D:7      | 5994 ||| Stepping randomly (stuck).
  5995 | D:7      | 5995 ||| Stepping randomly (stuck).
  5996 | D:7      | 5996 ||| Stepping randomly (stuck).
  5997 | D:7      | 5997 ||| Stepping randomly (stuck).
  5998 | D:7      | 5998 ||| Stepping randomly (stuck).
  5999 | D:7      | 5999 ||| Stepping randomly (stuck).
  6000 | D:7      | 6000 ||| Stepping randomly (stuck).
  6001 | D:7      | 6001 ||| Stepping randomly (stuck).
  6002 | D:7      | 6002 ||| Stepping randomly (stuck).
  6003 | D:7      | 6003 ||| Stepping randomly (stuck).
  6004 | D:7      | 6004 ||| Stepping randomly (stuck).
  6005 | D:7      | 6005 ||| Stepping randomly (stuck).
  6006 | D:7      | 6006 ||| Stepping randomly (stuck).
  6007 | D:7      | 6007 ||| Stepping randomly (stuck).
  6008 | D:7      | 6008 ||| Stepping randomly (stuck).
  6009 | D:7      | 6009 ||| Stepping randomly (stuck).
  6010 | D:7      | 6010 ||| Stepping randomly (stuck).
  6011 | D:7      | 6011 ||| Stepping randomly (stuck).
  6012 | D:7      | 6012 ||| Stepping randomly (stuck).
  6013 | D:7      | 6013 ||| Stepping randomly (stuck).
  6014 | D:7      | 6014 ||| Stepping randomly (stuck).
  6015 | D:7      | 6015 ||| Stepping randomly (stuck).
  6016 | D:7      | 6016 ||| Stepping randomly (stuck).
  6017 | D:7      | 6017 ||| Stepping randomly (stuck).
  6018 | D:7      | 6018 ||| Stepping randomly (stuck).
  6019 | D:7      | 6019 ||| Stepping randomly (stuck).
  6020 | D:7      | 6020 ||| Stepping randomly (stuck).
  6021 | D:7      | 6021 ||| Stepping randomly (stuck).
  6022 | D:7      | 6022 ||| Stepping randomly (stuck).
  6023 | D:7      | 6023 ||| Stepping randomly (stuck).
  6024 | D:7      | 6024 ||| Stepping randomly (stuck).
  6025 | D:7      | 6025 ||| Stepping randomly (stuck).
  6026 | D:7      | 6026 ||| Stepping randomly (stuck).
  6027 | D:7      | 6027 ||| Stepping randomly (stuck).
  6028 | D:7      | 6028 ||| Stepping randomly (stuck).
  6029 | D:7      | 6029 ||| Stepping randomly (stuck).
  6030 | D:7      | 6030 ||| Stepping randomly (stuck).
  6031 | D:7      | 6031 ||| Stepping randomly (stuck).
  6032 | D:7      | 6032 ||| Stepping randomly (stuck).
  6033 | D:7      | 6033 ||| Stepping randomly (stuck).
  6034 | D:7      | 6034 ||| Stepping randomly (stuck).
  6035 | D:7      | 6035 ||| Stepping randomly (stuck).
  6036 | D:7      | 6036 ||| Stepping randomly (stuck).
  6037 | D:7      | 6037 ||| Stepping randomly (stuck).
  6038 | D:7      | 6038 ||| Stepping randomly (stuck).
  6039 | D:7      | 6039 ||| Stepping randomly (stuck).
  6040 | D:7      | 6040 ||| Stepping randomly (stuck).
  6041 | D:7      | 6041 ||| Stepping randomly (stuck).
  6042 | D:7      | 6042 ||| Stepping randomly (stuck).
  6043 | D:7      | 6043 ||| Stepping randomly (stuck).
  6044 | D:7      | 6044 ||| Stepping randomly (stuck).
  6045 | D:7      | 6045 ||| Stepping randomly (stuck).
  6046 | D:7      | 6046 ||| Stepping randomly (stuck).
  6047 | D:7      | 6047 ||| Stepping randomly (stuck).
  6048 | D:7      | 6048 ||| Stepping randomly (stuck).
  6049 | D:7      | 6049 ||| Stepping randomly (stuck).
  6050 | D:7      | 6050 ||| Stepping randomly (stuck).
  6051 | D:7      | 6051 ||| Stepping randomly (stuck).
  6052 | D:7      | 6052 ||| Stepping randomly (stuck).
  6053 | D:7      | 6053 ||| Stepping randomly (stuck).
  6054 | D:7      | 6054 ||| Stepping randomly (stuck).
  6055 | D:7      | 6055 ||| Stepping randomly (stuck).
  6056 | D:7      | 6056 ||| Stepping randomly (stuck).
  6057 | D:7      | 6057 ||| Stepping randomly (stuck).
  6058 | D:7      | 6058 ||| Stepping randomly (stuck).
  6059 | D:7      | 6059 ||| Stepping randomly (stuck).
  6060 | D:7      | 6060 ||| Stepping randomly (stuck).
  6061 | D:7      | 6061 ||| Stepping randomly (stuck).
  6062 | D:7      | 6062 ||| Stepping randomly (stuck).
  6063 | D:7      | 6063 ||| Stepping randomly (stuck).
  6064 | D:7      | 6064 ||| Stepping randomly (stuck).
  6065 | D:7      | 6065 ||| Stepping randomly (stuck).
  6066 | D:7      | 6066 ||| Stepping randomly (stuck).
  6067 | D:7      | 6067 ||| Stepping randomly (stuck).
  6068 | D:7      | 6068 ||| Stepping randomly (stuck).
  6069 | D:7      | 6069 ||| Stepping randomly (stuck).
  6070 | D:7      | 6070 ||| Stepping randomly (stuck).
  6071 | D:7      | 6071 ||| Stepping randomly (stuck).
  6072 | D:7      | 6072 ||| Stepping randomly (stuck).
  6073 | D:7      | 6073 ||| Stepping randomly (stuck).
  6074 | D:7      | 6074 ||| Stepping randomly (stuck).
  6075 | D:7      | 6075 ||| Stepping randomly (stuck).
  6076 | D:7      | 6076 ||| Stepping randomly (stuck).
  6077 | D:7      | 6077 ||| Stepping randomly (stuck).
  6078 | D:7      | 6078 ||| Stepping randomly (stuck).
  6079 | D:7      | 6079 ||| Stepping randomly (stuck).
  6080 | D:7      | 6080 ||| Stepping randomly (stuck).
  6081 | D:7      | 6081 ||| Stepping randomly (stuck).
  6082 | D:7      | 6082 ||| Stepping randomly (stuck).
  6083 | D:7      | 6083 ||| Stepping randomly (stuck).
  6084 | D:7      | 6084 ||| Stepping randomly (stuck).
  6085 | D:7      | 6085 ||| Stepping randomly (stuck).
  6086 | D:7      | 6086 ||| Stepping randomly (stuck).
  6087 | D:7      | 6087 ||| Stepping randomly (stuck).
  6088 | D:7      | 6088 ||| Stepping randomly (stuck).
  6089 | D:7      | 6089 ||| Stepping randomly (stuck).
  6090 | D:7      | 6090 ||| Stepping randomly (stuck).
  6091 | D:7      | 6091 ||| Stepping randomly (stuck).
  6092 | D:7      | 6092 ||| Stepping randomly (stuck).
  6093 | D:7      | 6093 ||| Stepping randomly (stuck).
  6094 | D:7      | 6094 ||| Stepping randomly (stuck).
  6095 | D:7      | 6095 ||| Stepping randomly (stuck).
  6096 | D:7      | 6096 ||| Stepping randomly (stuck).
  6097 | D:7      | 6097 ||| Stepping randomly (stuck).
  6098 | D:7      | 6098 ||| Stepping randomly (stuck).
  6099 | D:7      | 6099 ||| Stepping randomly (stuck).
  6100 | D:7      | 6100 ||| Stepping randomly (stuck).
  6101 | D:7      | 6101 ||| Stepping randomly (stuck).
  6102 | D:7      | 6102 ||| Stepping randomly (stuck).
  6103 | D:7      | 6103 ||| Stepping randomly (stuck).
  6104 | D:7      | 6104 ||| Stepping randomly (stuck).
  6105 | D:7      | 6105 ||| Stepping randomly (stuck).
  6106 | D:7      | 6106 ||| Stepping randomly (stuck).
  6107 | D:7      | 6107 ||| Stepping randomly (stuck).
  6108 | D:7      | 6108 ||| Stepping randomly (stuck).
  6109 | D:7      | 6109 ||| Stepping randomly (stuck).
  6110 | D:7      | 6110 ||| Stepping randomly (stuck).
  6111 | D:7      | 6111 ||| Stepping randomly (stuck).
  6112 | D:7      | 6112 ||| Stepping randomly (stuck).
  6113 | D:7      | 6113 ||| Stepping randomly (stuck).
  6114 | D:7      | 6114 ||| Stepping randomly (stuck).
  6115 | D:7      | 6115 ||| Stepping randomly (stuck).
  6116 | D:7      | 6116 ||| Stepping randomly (stuck).
  6117 | D:7      | 6117 ||| Stepping randomly (stuck).
  6118 | D:7      | 6118 ||| Stepping randomly (stuck).
  6119 | D:7      | 6119 ||| Stepping randomly (stuck).
  6120 | D:7      | 6120 ||| Stepping randomly (stuck).
  6121 | D:7      | 6121 ||| Stepping randomly (stuck).
  6122 | D:7      | 6122 ||| Stepping randomly (stuck).
  6123 | D:7      | 6123 ||| Stepping randomly (stuck).
  6124 | D:7      | 6124 ||| Stepping randomly (stuck).
  6125 | D:7      | 6125 ||| Stepping randomly (stuck).
  6126 | D:7      | 6126 ||| Stepping randomly (stuck).
  6127 | D:7      | 6127 ||| Stepping randomly (stuck).
  6128 | D:7      | 6128 ||| Stepping randomly (stuck).
  6129 | D:7      | 6129 ||| Stepping randomly (stuck).
  6130 | D:7      | 6130 ||| Stepping randomly (stuck).
  6131 | D:7      | 6131 ||| Stepping randomly (stuck).
  6132 | D:7      | 6132 ||| Stepping randomly (stuck).
  6133 | D:7      | 6133 ||| Stepping randomly (stuck).
  6134 | D:7      | 6134 ||| Stepping randomly (stuck).
  6135 | D:7      | 6135 ||| Stepping randomly (stuck).
  6136 | D:7      | 6136 ||| Stepping randomly (stuck).
  6137 | D:7      | 6137 ||| Stepping randomly (stuck).
  6138 | D:7      | 6138 ||| Stepping randomly (stuck).
  6139 | D:7      | 6139 ||| Stepping randomly (stuck).
  6140 | D:7      | 6140 ||| Stepping randomly (stuck).
  6141 | D:7      | 6141 ||| Stepping randomly (stuck).
  6142 | D:7      | 6142 ||| Stepping randomly (stuck).
  6143 | D:7      | 6143 ||| Stepping randomly (stuck).
  6144 | D:7      | 6144 ||| Stepping randomly (stuck).
  6145 | D:7      | 6145 ||| Stepping randomly (stuck).
  6146 | D:7      | 6146 ||| Stepping randomly (stuck).
  6147 | D:7      | 6147 ||| Stepping randomly (stuck).
  6148 | D:7      | 6148 ||| Stepping randomly (stuck).
  6149 | D:7      | 6149 ||| Stepping randomly (stuck).
  6150 | D:7      | 6150 ||| Stepping randomly (stuck).
  6151 | D:7      | 6151 ||| Stepping randomly (stuck).
  6152 | D:7      | 6152 ||| Stepping randomly (stuck).
  6153 | D:7      | 6153 ||| Stepping randomly (stuck).
  6154 | D:7      | 6154 ||| Stepping randomly (stuck).
  6155 | D:7      | 6155 ||| Stepping randomly (stuck).
  6156 | D:7      | 6156 ||| Stepping randomly (stuck).
  6157 | D:7      | 6157 ||| Stepping randomly (stuck).
  6158 | D:7      | 6158 ||| Stepping randomly (stuck).
  6159 | D:7      | 6159 ||| Stepping randomly (stuck).
  6160 | D:7      | 6160 ||| Stepping randomly (stuck).
  6161 | D:7      | 6161 ||| Stepping randomly (stuck).
  6162 | D:7      | 6162 ||| Stepping randomly (stuck).
  6163 | D:7      | 6163 ||| Stepping randomly (stuck).
  6164 | D:7      | 6164 ||| Stepping randomly (stuck).
  6165 | D:7      | 6165 ||| Stepping randomly (stuck).
  6166 | D:7      | 6166 ||| Stepping randomly (stuck).
  6167 | D:7      | 6167 ||| Stepping randomly (stuck).
  6168 | D:7      | 6168 ||| Stepping randomly (stuck).
  6169 | D:7      | 6169 ||| Stepping randomly (stuck).
  6170 | D:7      | 6170 ||| Stepping randomly (stuck).
  6171 | D:7      | 6171 ||| Stepping randomly (stuck).
  6172 | D:7      | 6172 ||| Stepping randomly (stuck).
  6173 | D:7      | 6173 ||| Stepping randomly (stuck).
  6174 | D:7      | 6174 ||| Stepping randomly (stuck).
  6175 | D:7      | 6175 ||| Stepping randomly (stuck).
  6176 | D:7      | 6176 ||| Stepping randomly (stuck).
  6177 | D:7      | 6177 ||| Stepping randomly (stuck).
  6178 | D:7      | 6178 ||| Stepping randomly (stuck).
  6179 | D:7      | 6179 ||| Stepping randomly (stuck).
  6180 | D:7      | 6180 ||| Stepping randomly (stuck).
  6181 | D:7      | 6181 ||| Stepping randomly (stuck).
  6182 | D:7      | 6182 ||| Stepping randomly (stuck).
  6183 | D:7      | 6183 ||| Stepping randomly (stuck).
  6184 | D:7      | 6184 ||| Stepping randomly (stuck).
  6185 | D:7      | 6185 ||| Stepping randomly (stuck).
  6186 | D:7      | 6186 ||| Stepping randomly (stuck).
  6187 | D:7      | 6187 ||| Stepping randomly (stuck).
  6188 | D:7      | 6188 ||| Stepping randomly (stuck).
  6189 | D:7      | 6189 ||| Stepping randomly (stuck).
  6190 | D:7      | 6190 ||| Stepping randomly (stuck).
  6191 | D:7      | 6191 ||| Stepping randomly (stuck).
  6192 | D:7      | 6192 ||| Stepping randomly (stuck).
  6193 | D:7      | 6193 ||| Stepping randomly (stuck).
  6194 | D:7      | 6194 ||| Stepping randomly (stuck).
  6195 | D:7      | 6195 ||| Stepping randomly (stuck).
  6196 | D:7      | 6196 ||| Stepping randomly (stuck).
  6197 | D:7      | 6197 ||| Stepping randomly (stuck).
  6198 | D:7      | 6198 ||| Stepping randomly (stuck).
  6199 | D:7      | 6199 ||| Stepping randomly (stuck).
  6200 | D:7      | 6200 ||| Stepping randomly (stuck).
  6201 | D:7      | 6201 ||| Stepping randomly (stuck).
  6202 | D:7      | 6202 ||| Stepping randomly (stuck).
  6203 | D:7      | 6203 ||| Stepping randomly (stuck).
  6204 | D:7      | 6204 ||| Stepping randomly (stuck).
  6205 | D:7      | 6205 ||| Stepping randomly (stuck).
  6206 | D:7      | 6206 ||| Stepping randomly (stuck).
  6207 | D:7      | 6207 ||| Stepping randomly (stuck).
  6208 | D:7      | 6208 ||| Stepping randomly (stuck).
  6209 | D:7      | 6209 ||| Stepping randomly (stuck).
  6210 | D:7      | 6210 ||| Stepping randomly (stuck).
  6211 | D:7      | 6211 ||| Stepping randomly (stuck).
  6212 | D:7      | 6212 ||| Stepping randomly (stuck).
  6213 | D:7      | 6213 ||| Stepping randomly (stuck).
  6214 | D:7      | 6214 ||| Stepping randomly (stuck).
  6215 | D:7      | 6215 ||| Stepping randomly (stuck).
  6216 | D:7      | 6216 ||| Stepping randomly (stuck).
  6217 | D:7      | 6217 ||| Stepping randomly (stuck).
  6218 | D:7      | 6218 ||| Stepping randomly (stuck).
  6219 | D:7      | 6219 ||| Stepping randomly (stuck).
  6220 | D:7      | 6220 ||| Stepping randomly (stuck).
  6221 | D:7      | 6221 ||| Stepping randomly (stuck).
  6222 | D:7      | 6222 ||| Stepping randomly (stuck).
  6223 | D:7      | 6223 ||| Stepping randomly (stuck).
  6224 | D:7      | 6224 ||| Stepping randomly (stuck).
  6225 | D:7      | 6225 ||| Stepping randomly (stuck).
  6226 | D:7      | 6226 ||| Stepping randomly (stuck).
  6227 | D:7      | 6227 ||| Stepping randomly (stuck).
  6228 | D:7      | 6228 ||| Stepping randomly (stuck).
  6229 | D:7      | 6229 ||| Stepping randomly (stuck).
  6230 | D:7      | 6230 ||| Stepping randomly (stuck).
  6231 | D:7      | 6231 ||| Stepping randomly (stuck).
  6232 | D:7      | 6232 ||| Stepping randomly (stuck).
  6233 | D:7      | 6233 ||| Stepping randomly (stuck).
  6234 | D:7      | 6234 ||| Stepping randomly (stuck).
  6235 | D:7      | 6235 ||| Stepping randomly (stuck).
  6236 | D:7      | 6236 ||| Stepping randomly (stuck).
  6237 | D:7      | 6237 ||| Stepping randomly (stuck).
  6238 | D:7      | 6238 ||| Stepping randomly (stuck).
  6239 | D:7      | 6239 ||| Stepping randomly (stuck).
  6240 | D:7      | 6240 ||| Stepping randomly (stuck).
  6241 | D:7      | 6241 ||| Stepping randomly (stuck).
  6242 | D:7      | 6242 ||| Stepping randomly (stuck).
  6243 | D:7      | 6243 ||| Stepping randomly (stuck).
  6244 | D:7      | 6244 ||| Stepping randomly (stuck).
  6245 | D:7      | 6245 ||| Stepping randomly (stuck).
  6246 | D:7      | 6246 ||| Stepping randomly (stuck).
  6247 | D:7      | 6247 ||| Stepping randomly (stuck).
  6248 | D:7      | 6248 ||| Stepping randomly (stuck).
  6249 | D:7      | 6249 ||| Stepping randomly (stuck).
  6250 | D:7      | 6250 ||| Stepping randomly (stuck).
  6251 | D:7      | 6251 ||| Stepping randomly (stuck).
  6252 | D:7      | 6252 ||| Stepping randomly (stuck).
  6253 | D:7      | 6253 ||| Stepping randomly (stuck).
  6254 | D:7      | 6254 ||| Stepping randomly (stuck).
  6255 | D:7      | 6255 ||| Stepping randomly (stuck).
  6256 | D:7      | 6256 ||| Stepping randomly (stuck).
  6257 | D:7      | 6257 ||| Stepping randomly (stuck).
  6258 | D:7      | 6258 ||| Stepping randomly (stuck).
  6259 | D:7      | 6259 ||| Stepping randomly (stuck).
  6260 | D:7      | 6260 ||| Stepping randomly (stuck).
  6261 | D:7      | 6261 ||| Stepping randomly (stuck).
  6262 | D:7      | 6262 ||| Stepping randomly (stuck).
  6263 | D:7      | 6263 ||| Stepping randomly (stuck).
  6264 | D:7      | 6264 ||| Stepping randomly (stuck).
  6265 | D:7      | 6265 ||| Stepping randomly (stuck).
  6266 | D:7      | 6266 ||| Stepping randomly (stuck).
  6267 | D:7      | 6267 ||| Stepping randomly (stuck).
  6268 | D:7      | 6268 ||| Stepping randomly (stuck).
  6269 | D:7      | 6269 ||| Stepping randomly (stuck).
  6270 | D:7      | 6270 ||| Stepping randomly (stuck).
  6271 | D:7      | 6271 ||| Stepping randomly (stuck).
  6272 | D:7      | 6272 ||| Stepping randomly (stuck).
  6273 | D:7      | 6273 ||| Stepping randomly (stuck).
  6274 | D:7      | 6274 ||| Stepping randomly (stuck).
  6275 | D:7      | 6275 ||| Stepping randomly (stuck).
  6276 | D:7      | 6276 ||| Stepping randomly (stuck).
  6277 | D:7      | 6277 ||| Stepping randomly (stuck).
  6278 | D:7      | 6278 ||| Stepping randomly (stuck).
  6279 | D:7      | 6279 ||| Stepping randomly (stuck).
  6280 | D:7      | 6280 ||| Stepping randomly (stuck).
  6281 | D:7      | 6281 ||| Stepping randomly (stuck).
  6282 | D:7      | 6282 ||| Stepping randomly (stuck).
  6283 | D:7      | 6283 ||| Stepping randomly (stuck).
  6284 | D:7      | 6284 ||| Stepping randomly (stuck).
  6285 | D:7      | 6285 ||| Stepping randomly (stuck).
  6286 | D:7      | 6286 ||| Stepping randomly (stuck).
  6287 | D:7      | 6287 ||| Stepping randomly (stuck).
  6288 | D:7      | 6288 ||| Stepping randomly (stuck).
  6289 | D:7      | 6289 ||| Stepping randomly (stuck).
  6290 | D:7      | 6290 ||| Stepping randomly (stuck).
  6291 | D:7      | 6291 ||| Stepping randomly (stuck).
  6292 | D:7      | 6292 ||| Stepping randomly (stuck).
  6293 | D:7      | 6293 ||| Stepping randomly (stuck).
  6294 | D:7      | 6294 ||| Stepping randomly (stuck).
  6295 | D:7      | 6295 ||| Stepping randomly (stuck).
  6296 | D:7      | 6296 ||| Stepping randomly (stuck).
  6297 | D:7      | 6297 ||| Stepping randomly (stuck).
  6298 | D:7      | 6298 ||| Stepping randomly (stuck).
  6299 | D:7      | 6299 ||| Stepping randomly (stuck).
  6300 | D:7      | 6300 ||| Stepping randomly (stuck).
  6301 | D:7      | 6301 ||| Stepping randomly (stuck).
  6302 | D:7      | 6302 ||| Stepping randomly (stuck).
  6303 | D:7      | 6303 ||| Stepping randomly (stuck).
  6304 | D:7      | 6304 ||| Stepping randomly (stuck).
  6305 | D:7      | 6305 ||| Stepping randomly (stuck).
  6306 | D:7      | 6306 ||| Stepping randomly (stuck).
  6307 | D:7      | 6307 ||| Stepping randomly (stuck).
  6308 | D:7      | 6308 ||| Stepping randomly (stuck).
  6309 | D:7      | 6309 ||| Stepping randomly (stuck).
  6310 | D:7      | 6310 ||| Stepping randomly (stuck).
  6311 | D:7      | 6311 ||| Stepping randomly (stuck).
  6312 | D:7      | 6312 ||| Stepping randomly (stuck).
  6313 | D:7      | 6313 ||| Stepping randomly (stuck).
  6314 | D:7      | 6314 ||| Stepping randomly (stuck).
  6315 | D:7      | 6315 ||| Stepping randomly (stuck).
  6316 | D:7      | 6316 ||| Stepping randomly (stuck).
  6317 | D:7      | 6317 ||| Stepping randomly (stuck).
  6318 | D:7      | 6318 ||| Stepping randomly (stuck).
  6319 | D:7      | 6319 ||| Stepping randomly (stuck).
  6320 | D:7      | 6320 ||| Stepping randomly (stuck).
  6321 | D:7      | 6321 ||| Stepping randomly (stuck).
  6322 | D:7      | 6322 ||| Stepping randomly (stuck).
  6323 | D:7      | 6323 ||| Stepping randomly (stuck).
  6324 | D:7      | 6324 ||| Stepping randomly (stuck).
  6325 | D:7      | 6325 ||| Stepping randomly (stuck).
  6326 | D:7      | 6326 ||| Stepping randomly (stuck).
  6327 | D:7      | 6327 ||| Stepping randomly (stuck).
  6328 | D:7      | 6328 ||| Stepping randomly (stuck).
  6329 | D:7      | 6329 ||| Stepping randomly (stuck).
  6330 | D:7      | 6330 ||| Stepping randomly (stuck).
  6331 | D:7      | 6331 ||| Stepping randomly (stuck).
  6332 | D:7      | 6332 ||| Stepping randomly (stuck).
  6333 | D:7      | 6333 ||| Stepping randomly (stuck).
  6334 | D:7      | 6334 ||| Stepping randomly (stuck).
  6335 | D:7      | 6335 ||| Stepping randomly (stuck).
  6336 | D:7      | 6336 ||| Stepping randomly (stuck).
  6337 | D:7      | 6337 ||| Stepping randomly (stuck).
  6338 | D:7      | 6338 ||| Stepping randomly (stuck).
  6339 | D:7      | 6339 ||| Stepping randomly (stuck).
  6340 | D:7      | 6340 ||| Stepping randomly (stuck).
  6341 | D:7      | 6341 ||| Stepping randomly (stuck).
  6342 | D:7      | 6342 ||| Stepping randomly (stuck).
  6343 | D:7      | 6343 ||| Stepping randomly (stuck).
  6344 | D:7      | 6344 ||| Stepping randomly (stuck).
  6345 | D:7      | 6345 ||| Stepping randomly (stuck).
  6346 | D:7      | 6346 ||| Stepping randomly (stuck).
  6347 | D:7      | 6347 ||| Stepping randomly (stuck).
  6348 | D:7      | 6348 ||| Stepping randomly (stuck).
  6349 | D:7      | 6349 ||| Stepping randomly (stuck).
  6350 | D:7      | 6350 ||| Stepping randomly (stuck).
  6351 | D:7      | 6351 ||| Stepping randomly (stuck).
  6352 | D:7      | 6352 ||| Stepping randomly (stuck).
  6353 | D:7      | 6353 ||| Stepping randomly (stuck).
  6354 | D:7      | 6354 ||| Stepping randomly (stuck).
  6355 | D:7      | 6355 ||| Stepping randomly (stuck).
  6356 | D:7      | 6356 ||| Stepping randomly (stuck).
  6357 | D:7      | 6357 ||| Stepping randomly (stuck).
  6358 | D:7      | 6358 ||| Stepping randomly (stuck).
  6359 | D:7      | 6359 ||| Stepping randomly (stuck).
  6360 | D:7      | 6360 ||| Stepping randomly (stuck).
  6361 | D:7      | 6361 ||| Stepping randomly (stuck).
  6362 | D:7      | 6362 ||| Stepping randomly (stuck).
  6363 | D:7      | 6363 ||| Stepping randomly (stuck).
  6364 | D:7      | 6364 ||| Stepping randomly (stuck).
  6365 | D:7      | 6365 ||| Stepping randomly (stuck).
  6366 | D:7      | 6366 ||| Stepping randomly (stuck).
  6367 | D:7      | 6367 ||| Stepping randomly (stuck).
  6368 | D:7      | 6368 ||| Stepping randomly (stuck).
  6369 | D:7      | 6369 ||| Stepping randomly (stuck).
  6370 | D:7      | 6370 ||| Stepping randomly (stuck).
  6371 | D:7      | 6371 ||| Stepping randomly (stuck).
  6372 | D:7      | 6372 ||| Stepping randomly (stuck).
  6373 | D:7      | 6373 ||| Stepping randomly (stuck).
  6374 | D:7      | 6374 ||| Stepping randomly (stuck).
  6375 | D:7      | 6375 ||| Stepping randomly (stuck).
  6376 | D:7      | 6376 ||| Stepping randomly (stuck).
  6377 | D:7      | 6377 ||| Stepping randomly (stuck).
  6378 | D:7      | 6378 ||| Stepping randomly (stuck).
  6379 | D:7      | 6379 ||| Stepping randomly (stuck).
  6380 | D:7      | 6380 ||| Stepping randomly (stuck).
  6381 | D:7      | 6381 ||| Stepping randomly (stuck).
  6382 | D:7      | 6382 ||| Stepping randomly (stuck).
  6383 | D:7      | 6383 ||| Stepping randomly (stuck).
  6384 | D:7      | 6384 ||| Stepping randomly (stuck).
  6385 | D:7      | 6385 ||| Stepping randomly (stuck).
  6386 | D:7      | 6386 ||| Stepping randomly (stuck).
  6387 | D:7      | 6387 ||| Stepping randomly (stuck).
  6388 | D:7      | 6388 ||| Stepping randomly (stuck).
  6389 | D:7      | 6389 ||| Stepping randomly (stuck).
  6390 | D:7      | 6390 ||| Stepping randomly (stuck).
  6391 | D:7      | 6391 ||| Stepping randomly (stuck).
  6392 | D:7      | 6392 ||| Stepping randomly (stuck).
  6393 | D:7      | 6393 ||| Stepping randomly (stuck).
  6394 | D:7      | 6394 ||| Stepping randomly (stuck).
  6395 | D:7      | 6395 ||| Stepping randomly (stuck).
  6396 | D:7      | 6396 ||| Stepping randomly (stuck).
  6397 | D:7      | 6397 ||| Stepping randomly (stuck).
  6398 | D:7      | 6398 ||| Stepping randomly (stuck).
  6399 | D:7      | 6399 ||| Stepping randomly (stuck).
  6400 | D:7      | 6400 ||| Stepping randomly (stuck).
  6401 | D:7      | 6401 ||| Stepping randomly (stuck).
  6402 | D:7      | 6402 ||| Stepping randomly (stuck).
  6403 | D:7      | 6403 ||| Stepping randomly (stuck).
  6404 | D:7      | 6404 ||| Stepping randomly (stuck).
  6405 | D:7      | 6405 ||| Stepping randomly (stuck).
  6406 | D:7      | 6406 ||| Stepping randomly (stuck).
  6407 | D:7      | 6407 ||| Stepping randomly (stuck).
  6408 | D:7      | 6408 ||| Stepping randomly (stuck).
  6409 | D:7      | 6409 ||| Stepping randomly (stuck).
  6410 | D:7      | 6410 ||| Stepping randomly (stuck).
  6411 | D:7      | 6411 ||| Stepping randomly (stuck).
  6412 | D:7      | 6412 ||| Stepping randomly (stuck).
  6413 | D:7      | 6413 ||| Stepping randomly (stuck).
  6414 | D:7      | 6414 ||| Stepping randomly (stuck).
  6415 | D:7      | 6415 ||| Stepping randomly (stuck).
  6416 | D:7      | 6416 ||| Stepping randomly (stuck).
  6417 | D:7      | 6417 ||| Stepping randomly (stuck).
  6418 | D:7      | 6418 ||| Stepping randomly (stuck).
  6419 | D:7      | 6419 ||| Stepping randomly (stuck).
  6420 | D:7      | 6420 ||| Stepping randomly (stuck).
  6421 | D:7      | 6421 ||| Stepping randomly (stuck).
  6422 | D:7      | 6422 ||| Stepping randomly (stuck).
  6423 | D:7      | 6423 ||| Stepping randomly (stuck).
  6424 | D:7      | 6424 ||| Stepping randomly (stuck).
  6425 | D:7      | 6425 ||| Stepping randomly (stuck).
  6426 | D:7      | 6426 ||| Stepping randomly (stuck).
  6427 | D:7      | 6427 ||| Stepping randomly (stuck).
  6428 | D:7      | 6428 ||| Stepping randomly (stuck).
  6429 | D:7      | 6429 ||| Stepping randomly (stuck).
  6430 | D:7      | 6430 ||| Stepping randomly (stuck).
  6431 | D:7      | 6431 ||| Stepping randomly (stuck).
  6432 | D:7      | 6432 ||| Stepping randomly (stuck).
  6433 | D:7      | 6433 ||| Stepping randomly (stuck).
  6434 | D:7      | 6434 ||| Stepping randomly (stuck).
  6435 | D:7      | 6435 ||| Stepping randomly (stuck).
  6436 | D:7      | 6436 ||| Stepping randomly (stuck).
  6437 | D:7      | 6437 ||| Stepping randomly (stuck).
  6438 | D:7      | 6438 ||| Stepping randomly (stuck).
  6439 | D:7      | 6439 ||| Stepping randomly (stuck).
  6440 | D:7      | 6440 ||| Stepping randomly (stuck).
  6441 | D:7      | 6441 ||| Stepping randomly (stuck).
  6442 | D:7      | 6442 ||| Stepping randomly (stuck).
  6443 | D:7      | 6443 ||| Stepping randomly (stuck).
  6444 | D:7      | 6444 ||| Stepping randomly (stuck).
  6445 | D:7      | 6445 ||| Stepping randomly (stuck).
  6446 | D:7      | 6446 ||| Stepping randomly (stuck).
  6447 | D:7      | 6447 ||| Stepping randomly (stuck).
  6448 | D:7      | 6448 ||| Stepping randomly (stuck).
  6449 | D:7      | 6449 ||| Stepping randomly (stuck).
  6450 | D:7      | 6450 ||| Stepping randomly (stuck).
  6451 | D:7      | 6451 ||| Stepping randomly (stuck).
  6452 | D:7      | 6452 ||| Stepping randomly (stuck).
  6453 | D:7      | 6453 ||| Stepping randomly (stuck).
  6454 | D:7      | 6454 ||| Stepping randomly (stuck).
  6455 | D:7      | 6455 ||| Stepping randomly (stuck).
  6456 | D:7      | 6456 ||| Stepping randomly (stuck).
  6457 | D:7      | 6457 ||| Stepping randomly (stuck).
  6458 | D:7      | 6458 ||| Stepping randomly (stuck).
  6459 | D:7      | 6459 ||| Stepping randomly (stuck).
  6460 | D:7      | 6460 ||| Stepping randomly (stuck).
  6461 | D:7      | 6461 ||| Stepping randomly (stuck).
  6462 | D:7      | 6462 ||| Stepping randomly (stuck).
  6463 | D:7      | 6463 ||| Stepping randomly (stuck).
  6464 | D:7      | 6464 ||| Stepping randomly (stuck).
  6465 | D:7      | 6465 ||| Stepping randomly (stuck).
  6466 | D:7      | 6466 ||| Stepping randomly (stuck).
  6467 | D:7      | 6467 ||| Stepping randomly (stuck).
  6468 | D:7      | 6468 ||| Stepping randomly (stuck).
  6469 | D:7      | 6469 ||| Stepping randomly (stuck).
  6470 | D:7      | 6470 ||| Stepping randomly (stuck).
  6471 | D:7      | 6471 ||| Stepping randomly (stuck).
  6472 | D:7      | 6472 ||| Stepping randomly (stuck).
  6473 | D:7      | 6473 ||| Stepping randomly (stuck).
  6474 | D:7      | 6474 ||| Stepping randomly (stuck).
  6475 | D:7      | 6475 ||| Stepping randomly (stuck).
  6476 | D:7      | 6476 ||| Stepping randomly (stuck).
  6477 | D:7      | 6477 ||| Stepping randomly (stuck).
  6478 | D:7      | 6478 ||| Stepping randomly (stuck).
  6479 | D:7      | 6479 ||| Stepping randomly (stuck).
  6480 | D:7      | 6480 ||| Stepping randomly (stuck).
  6481 | D:7      | 6481 ||| Stepping randomly (stuck).
  6482 | D:7      | 6482 ||| Stepping randomly (stuck).
  6483 | D:7      | 6483 ||| Stepping randomly (stuck).
  6484 | D:7      | 6484 ||| Stepping randomly (stuck).
  6485 | D:7      | 6485 ||| Stepping randomly (stuck).
  6486 | D:7      | 6486 ||| Stepping randomly (stuck).
  6487 | D:7      | 6487 ||| Stepping randomly (stuck).
  6488 | D:7      | 6488 ||| Stepping randomly (stuck).
  6489 | D:7      | 6489 ||| Stepping randomly (stuck).
  6490 | D:7      | 6490 ||| Stepping randomly (stuck).
  6491 | D:7      | 6491 ||| Stepping randomly (stuck).
  6492 | D:7      | 6492 ||| Stepping randomly (stuck).
  6493 | D:7      | 6493 ||| Stepping randomly (stuck).
  6494 | D:7      | 6494 ||| Stepping randomly (stuck).
  6495 | D:7      | 6495 ||| Stepping randomly (stuck).
  6496 | D:7      | 6496 ||| Stepping randomly (stuck).
  6498 | D:7      | 6498 ||| DRINKING 2 fuming ruby potions.
  6543 | D:7      | 6543 ||| DROPPING potion of lignification.
  6544 | D:7      | 6544 ||| Stepping randomly (stuck).
  6545 | D:7      | 6545 ||| Stepping randomly (stuck).
  6546 | D:7      | 6546 ||| Stepping randomly (stuck).
  6547 | D:7      | 6547 ||| Stepping randomly (stuck).
  6548 | D:7      | 6548 ||| Stepping randomly (stuck).
  6549 | D:7      | 6549 ||| Stepping randomly (stuck).
  6550 | D:7      | 6550 ||| Stepping randomly (stuck).
  6551 | D:7      | 6551 ||| Stepping randomly (stuck).
  6552 | D:7      | 6552 ||| Stepping randomly (stuck).
  6553 | D:7      | 6553 ||| Stepping randomly (stuck).
  6554 | D:7      | 6554 ||| Stepping randomly (stuck).
  6555 | D:7      | 6555 ||| Stepping randomly (stuck).
  6556 | D:7      | 6556 ||| Stepping randomly (stuck).
  6557 | D:7      | 6557 ||| Stepping randomly (stuck).
  6558 | D:7      | 6558 ||| Stepping randomly (stuck).
  6559 | D:7      | 6559 ||| Stepping randomly (stuck).
  6560 | D:7      | 6560 ||| Stepping randomly (stuck).
  6561 | D:7      | 6561 ||| Stepping randomly (stuck).
  6562 | D:7      | 6562 ||| Stepping randomly (stuck).
  6563 | D:7      | 6563 ||| Stepping randomly (stuck).
  6564 | D:7      | 6564 ||| Stepping randomly (stuck).
  6565 | D:7      | 6565 ||| Stepping randomly (stuck).
  6566 | D:7      | 6566 ||| Stepping randomly (stuck).
  6567 | D:7      | 6567 ||| Stepping randomly (stuck).
  6568 | D:7      | 6568 ||| Stepping randomly (stuck).
  6569 | D:7      | 6569 ||| Stepping randomly (stuck).
  6570 | D:7      | 6570 ||| Stepping randomly (stuck).
  6571 | D:7      | 6571 ||| Stepping randomly (stuck).
  6572 | D:7      | 6572 ||| Stepping randomly (stuck).
  6573 | D:7      | 6573 ||| Stepping randomly (stuck).
  6574 | D:7      | 6574 ||| Stepping randomly (stuck).
  6575 | D:7      | 6575 ||| Stepping randomly (stuck).
  6576 | D:7      | 6576 ||| Stepping randomly (stuck).
  6577 | D:7      | 6577 ||| Stepping randomly (stuck).
  6578 | D:7      | 6578 ||| Stepping randomly (stuck).
  6579 | D:7      | 6579 ||| Stepping randomly (stuck).
  6580 | D:7      | 6580 ||| Stepping randomly (stuck).
  6581 | D:7      | 6581 ||| Stepping randomly (stuck).
  6582 | D:7      | 6582 ||| Stepping randomly (stuck).
  6583 | D:7      | 6583 ||| Stepping randomly (stuck).
  6584 | D:7      | 6584 ||| Stepping randomly (stuck).
  6585 | D:7      | 6585 ||| Stepping randomly (stuck).
  6586 | D:7      | 6586 ||| Stepping randomly (stuck).
  6587 | D:7      | 6587 ||| Stepping randomly (stuck).
  6588 | D:7      | 6588 ||| Stepping randomly (stuck).
  6589 | D:7      | 6589 ||| Stepping randomly (stuck).
  6590 | D:7      | 6590 ||| Stepping randomly (stuck).
  6591 | D:7      | 6591 ||| Stepping randomly (stuck).
  6592 | D:7      | 6592 ||| Stepping randomly (stuck).
  6593 | D:7      | 6593 ||| Stepping randomly (stuck).
  6594 | D:7      | 6594 ||| Stepping randomly (stuck).
  6595 | D:7      | 6595 ||| Stepping randomly (stuck).
  6596 | D:7      | 6596 ||| Stepping randomly (stuck).
  6597 | D:7      | 6597 ||| Stepping randomly (stuck).
  6598 | D:7      | 6598 ||| Stepping randomly (stuck).
  6599 | D:7      | 6599 ||| Stepping randomly (stuck).
  6600 | D:7      | 6600 ||| Stepping randomly (stuck).
  6601 | D:7      | 6601 ||| Stepping randomly (stuck).
  6602 | D:7      | 6602 ||| Stepping randomly (stuck).
  6603 | D:7      | 6603 ||| Stepping randomly (stuck).
  6604 | D:7      | 6604 ||| Stepping randomly (stuck).
  6605 | D:7      | 6605 ||| Stepping randomly (stuck).
  6606 | D:7      | 6606 ||| Stepping randomly (stuck).
  6607 | D:7      | 6607 ||| Stepping randomly (stuck).
  6608 | D:7      | 6608 ||| Stepping randomly (stuck).
  6609 | D:7      | 6609 ||| Stepping randomly (stuck).
  6610 | D:7      | 6610 ||| Stepping randomly (stuck).
  6611 | D:7      | 6611 ||| Stepping randomly (stuck).
  6612 | D:7      | 6612 ||| Stepping randomly (stuck).
  6613 | D:7      | 6613 ||| Stepping randomly (stuck).
  6614 | D:7      | 6614 ||| Stepping randomly (stuck).
  6615 | D:7      | 6615 ||| Stepping randomly (stuck).
  6616 | D:7      | 6616 ||| Stepping randomly (stuck).
  6617 | D:7      | 6617 ||| Stepping randomly (stuck).
  6618 | D:7      | 6618 ||| Stepping randomly (stuck).
  6619 | D:7      | 6619 ||| Stepping randomly (stuck).
  6620 | D:7      | 6620 ||| Stepping randomly (stuck).
  6621 | D:7      | 6621 ||| Stepping randomly (stuck).
  6622 | D:7      | 6622 ||| Stepping randomly (stuck).
  6623 | D:7      | 6623 ||| Stepping randomly (stuck).
  6624 | D:7      | 6624 ||| Stepping randomly (stuck).
  6625 | D:7      | 6625 ||| Stepping randomly (stuck).
  6626 | D:7      | 6626 ||| Stepping randomly (stuck).
  6627 | D:7      | 6627 ||| Stepping randomly (stuck).
  6628 | D:7      | 6628 ||| Stepping randomly (stuck).
  6629 | D:7      | 6629 ||| Stepping randomly (stuck).
  6630 | D:7      | 6630 ||| Stepping randomly (stuck).
  6631 | D:7      | 6631 ||| Stepping randomly (stuck).
  6632 | D:7      | 6632 ||| Stepping randomly (stuck).
  6633 | D:7      | 6633 ||| Stepping randomly (stuck).
  6634 | D:7      | 6634 ||| Stepping randomly (stuck).
  6635 | D:7      | 6635 ||| Stepping randomly (stuck).
  6636 | D:7      | 6636 ||| Stepping randomly (stuck).
  6637 | D:7      | 6637 ||| Stepping randomly (stuck).
  6638 | D:7      | 6638 ||| Stepping randomly (stuck).
  6639 | D:7      | 6639 ||| Stepping randomly (stuck).
  6640 | D:7      | 6640 ||| Stepping randomly (stuck).
  6641 | D:7      | 6641 ||| Stepping randomly (stuck).
  6642 | D:7      | 6642 ||| Stepping randomly (stuck).
  6643 | D:7      | 6643 ||| Stepping randomly (stuck).
  6644 | D:7      | 6644 ||| Stepping randomly (stuck).
  6645 | D:7      | 6645 ||| Stepping randomly (stuck).
  6646 | D:7      | 6646 ||| Stepping randomly (stuck).
  6647 | D:7      | 6647 ||| Stepping randomly (stuck).
  6648 | D:7      | 6648 ||| Stepping randomly (stuck).
  6649 | D:7      | 6649 ||| Stepping randomly (stuck).
  6650 | D:7      | 6650 ||| Stepping randomly (stuck).
  6651 | D:7      | 6651 ||| Stepping randomly (stuck).
  6652 | D:7      | 6652 ||| Stepping randomly (stuck).
  6653 | D:7      | 6653 ||| Stepping randomly (stuck).
  6654 | D:7      | 6654 ||| Stepping randomly (stuck).
  6655 | D:7      | 6655 ||| Stepping randomly (stuck).
  6656 | D:7      | 6656 ||| Stepping randomly (stuck).
  6657 | D:7      | 6657 ||| Stepping randomly (stuck).
  6658 | D:7      | 6658 ||| Stepping randomly (stuck).
  6659 | D:7      | 6659 ||| Stepping randomly (stuck).
  6660 | D:7      | 6660 ||| Stepping randomly (stuck).
  6661 | D:7      | 6661 ||| Stepping randomly (stuck).
  6662 | D:7      | 6662 ||| Stepping randomly (stuck).
  6663 | D:7      | 6663 ||| Stepping randomly (stuck).
  6664 | D:7      | 6664 ||| Stepping randomly (stuck).
  6665 | D:7      | 6665 ||| Stepping randomly (stuck).
  6666 | D:7      | 6666 ||| Stepping randomly (stuck).
  6667 | D:7      | 6667 ||| Stepping randomly (stuck).
  6668 | D:7      | 6668 ||| Stepping randomly (stuck).
  6669 | D:7      | 6669 ||| Stepping randomly (stuck).
  6670 | D:7      | 6670 ||| Stepping randomly (stuck).
  6671 | D:7      | 6671 ||| Stepping randomly (stuck).
  6672 | D:7      | 6672 ||| Stepping randomly (stuck).
  6673 | D:7      | 6673 ||| Stepping randomly (stuck).
  6674 | D:7      | 6674 ||| Stepping randomly (stuck).
  6675 | D:7      | 6675 ||| Stepping randomly (stuck).
  6676 | D:7      | 6676 ||| Stepping randomly (stuck).
  6677 | D:7      | 6677 ||| Stepping randomly (stuck).
  6678 | D:7      | 6678 ||| Stepping randomly (stuck).
  6679 | D:7      | 6679 ||| Stepping randomly (stuck).
  6680 | D:7      | 6680 ||| Stepping randomly (stuck).
  6681 | D:7      | 6681 ||| Stepping randomly (stuck).
  6682 | D:7      | 6682 ||| Stepping randomly (stuck).
  6683 | D:7      | 6683 ||| Stepping randomly (stuck).
  6684 | D:7      | 6684 ||| Stepping randomly (stuck).
  6685 | D:7      | 6685 ||| Stepping randomly (stuck).
  6686 | D:7      | 6686 ||| Stepping randomly (stuck).
  6687 | D:7      | 6687 ||| Stepping randomly (stuck).
  6688 | D:7      | 6688 ||| Stepping randomly (stuck).
  6689 | D:7      | 6689 ||| Stepping randomly (stuck).
  6690 | D:7      | 6690 ||| Stepping randomly (stuck).
  6691 | D:7      | 6691 ||| Stepping randomly (stuck).
  6692 | D:7      | 6692 ||| Stepping randomly (stuck).
  6693 | D:7      | 6693 ||| Stepping randomly (stuck).
  6694 | D:7      | 6694 ||| Stepping randomly (stuck).
  6695 | D:7      | 6695 ||| Stepping randomly (stuck).
  6696 | D:7      | 6696 ||| Stepping randomly (stuck).
  6697 | D:7      | 6697 ||| Stepping randomly (stuck).
  6698 | D:7      | 6698 ||| Stepping randomly (stuck).
  6699 | D:7      | 6699 ||| Stepping randomly (stuck).
  6700 | D:7      | 6700 ||| Stepping randomly (stuck).
  6701 | D:7      | 6701 ||| Stepping randomly (stuck).
  6702 | D:7      | 6702 ||| Stepping randomly (stuck).
  6703 | D:7      | 6703 ||| Stepping randomly (stuck).
  6704 | D:7      | 6704 ||| Stepping randomly (stuck).
  6705 | D:7      | 6705 ||| Stepping randomly (stuck).
  6706 | D:7      | 6706 ||| Stepping randomly (stuck).
  6707 | D:7      | 6707 ||| Stepping randomly (stuck).
  6708 | D:7      | 6708 ||| Stepping randomly (stuck).
  6709 | D:7      | 6709 ||| Stepping randomly (stuck).
  6710 | D:7      | 6710 ||| Stepping randomly (stuck).
  6711 | D:7      | 6711 ||| Stepping randomly (stuck).
  6712 | D:7      | 6712 ||| Stepping randomly (stuck).
  6713 | D:7      | 6713 ||| Stepping randomly (stuck).
  6714 | D:7      | 6714 ||| Stepping randomly (stuck).
  6715 | D:7      | 6715 ||| Stepping randomly (stuck).
  6716 | D:7      | 6716 ||| Stepping randomly (stuck).
  6717 | D:7      | 6717 ||| Stepping randomly (stuck).
  6718 | D:7      | 6718 ||| Stepping randomly (stuck).
  6719 | D:7      | 6719 ||| Stepping randomly (stuck).
  6720 | D:7      | 6720 ||| Stepping randomly (stuck).
  6721 | D:7      | 6721 ||| Stepping randomly (stuck).
  6722 | D:7      | 6722 ||| Stepping randomly (stuck).
  6723 | D:7      | 6723 ||| Stepping randomly (stuck).
  6724 | D:7      | 6724 ||| Stepping randomly (stuck).
  6725 | D:7      | 6725 ||| Stepping randomly (stuck).
  6726 | D:7      | 6726 ||| Stepping randomly (stuck).
  6727 | D:7      | 6727 ||| Stepping randomly (stuck).
  6728 | D:7      | 6728 ||| Stepping randomly (stuck).
  6729 | D:7      | 6729 ||| Stepping randomly (stuck).
  6730 | D:7      | 6730 ||| Stepping randomly (stuck).
  6731 | D:7      | 6731 ||| Stepping randomly (stuck).
  6732 | D:7      | 6732 ||| Stepping randomly (stuck).
  6733 | D:7      | 6733 ||| Stepping randomly (stuck).
  6734 | D:7      | 6734 ||| Stepping randomly (stuck).
  6735 | D:7      | 6735 ||| Stepping randomly (stuck).
  6736 | D:7      | 6736 ||| Stepping randomly (stuck).
  6737 | D:7      | 6737 ||| Stepping randomly (stuck).
  6738 | D:7      | 6738 ||| Stepping randomly (stuck).
  6739 | D:7      | 6739 ||| Stepping randomly (stuck).
  6740 | D:7      | 6740 ||| Stepping randomly (stuck).
  6741 | D:7      | 6741 ||| Stepping randomly (stuck).
  6742 | D:7      | 6742 ||| Stepping randomly (stuck).
  6743 | D:7      | 6743 ||| Stepping randomly (stuck).
  6744 | D:7      | 6744 ||| Stepping randomly (stuck).
  6745 | D:7      | 6745 ||| Stepping randomly (stuck).
  6746 | D:7      | 6746 ||| Stepping randomly (stuck).
  6747 | D:7      | 6747 ||| Stepping randomly (stuck).
  6748 | D:7      | 6748 ||| Stepping randomly (stuck).
  6749 | D:7      | 6749 ||| Stepping randomly (stuck).
  6750 | D:7      | 6750 ||| Stepping randomly (stuck).
  6751 | D:7      | 6751 ||| Stepping randomly (stuck).
  6752 | D:7      | 6752 ||| Stepping randomly (stuck).
  6753 | D:7      | 6753 ||| Stepping randomly (stuck).
  6754 | D:7      | 6754 ||| Stepping randomly (stuck).
  6755 | D:7      | 6755 ||| Stepping randomly (stuck).
  6756 | D:7      | 6756 ||| Stepping randomly (stuck).
  6757 | D:7      | 6757 ||| Stepping randomly (stuck).
  6758 | D:7      | 6758 ||| Stepping randomly (stuck).
  6759 | D:7      | 6759 ||| Stepping randomly (stuck).
  6760 | D:7      | 6760 ||| Stepping randomly (stuck).
  6761 | D:7      | 6761 ||| Stepping randomly (stuck).
  6762 | D:7      | 6762 ||| Stepping randomly (stuck).
  6763 | D:7      | 6763 ||| Stepping randomly (stuck).
  6764 | D:7      | 6764 ||| Stepping randomly (stuck).
  6765 | D:7      | 6765 ||| Stepping randomly (stuck).
  6766 | D:7      | 6766 ||| Stepping randomly (stuck).
  6767 | D:7      | 6767 ||| Stepping randomly (stuck).
  6768 | D:7      | 6768 ||| Stepping randomly (stuck).
  6769 | D:7      | 6769 ||| Stepping randomly (stuck).
  6770 | D:7      | 6770 ||| Stepping randomly (stuck).
  6771 | D:7      | 6771 ||| Stepping randomly (stuck).
  6772 | D:7      | 6772 ||| Stepping randomly (stuck).
  6773 | D:7      | 6773 ||| Stepping randomly (stuck).
  6774 | D:7      | 6774 ||| Stepping randomly (stuck).
  6775 | D:7      | 6775 ||| Stepping randomly (stuck).
  6776 | D:7      | 6776 ||| Stepping randomly (stuck).
  6777 | D:7      | 6777 ||| Stepping randomly (stuck).
  6778 | D:7      | 6778 ||| Stepping randomly (stuck).
  6779 | D:7      | 6779 ||| Stepping randomly (stuck).
  6780 | D:7      | 6780 ||| Stepping randomly (stuck).
  6781 | D:7      | 6781 ||| Stepping randomly (stuck).
  6782 | D:7      | 6782 ||| Stepping randomly (stuck).
  6783 | D:7      | 6783 ||| Stepping randomly (stuck).
  6784 | D:7      | 6784 ||| Stepping randomly (stuck).
  6785 | D:7      | 6785 ||| Stepping randomly (stuck).
  6786 | D:7      | 6786 ||| Stepping randomly (stuck).
  6787 | D:7      | 6787 ||| Stepping randomly (stuck).
  6788 | D:7      | 6788 ||| Stepping randomly (stuck).
  6789 | D:7      | 6789 ||| Stepping randomly (stuck).
  6790 | D:7      | 6790 ||| Stepping randomly (stuck).
  6791 | D:7      | 6791 ||| Stepping randomly (stuck).
  6792 | D:7      | 6792 ||| Stepping randomly (stuck).
  6793 | D:7      | 6793 ||| Stepping randomly (stuck).
  6794 | D:7      | 6794 ||| Stepping randomly (stuck).
  6795 | D:7      | 6795 ||| Stepping randomly (stuck).
  6796 | D:7      | 6796 ||| Stepping randomly (stuck).
  6797 | D:7      | 6797 ||| Stepping randomly (stuck).
  6798 | D:7      | 6798 ||| Stepping randomly (stuck).
  6799 | D:7      | 6799 ||| Stepping randomly (stuck).
  6800 | D:7      | 6800 ||| Stepping randomly (stuck).
  6801 | D:7      | 6801 ||| Stepping randomly (stuck).
  6802 | D:7      | 6802 ||| Stepping randomly (stuck).
  6803 | D:7      | 6803 ||| Stepping randomly (stuck).
  6804 | D:7      | 6804 ||| Stepping randomly (stuck).
  6805 | D:7      | 6805 ||| Stepping randomly (stuck).
  6806 | D:7      | 6806 ||| Stepping randomly (stuck).
  6807 | D:7      | 6807 ||| Stepping randomly (stuck).
  6808 | D:7      | 6808 ||| Stepping randomly (stuck).
  6809 | D:7      | 6809 ||| Stepping randomly (stuck).
  6810 | D:7      | 6810 ||| Stepping randomly (stuck).
  6811 | D:7      | 6811 ||| Stepping randomly (stuck).
  6812 | D:7      | 6812 ||| Stepping randomly (stuck).
  6813 | D:7      | 6813 ||| Stepping randomly (stuck).
  6814 | D:7      | 6814 ||| Stepping randomly (stuck).
  6815 | D:7      | 6815 ||| Stepping randomly (stuck).
  6816 | D:7      | 6816 ||| Stepping randomly (stuck).
  6817 | D:7      | 6817 ||| Stepping randomly (stuck).
  6818 | D:7      | 6818 ||| Stepping randomly (stuck).
  6819 | D:7      | 6819 ||| Stepping randomly (stuck).
  6820 | D:7      | 6820 ||| Stepping randomly (stuck).
  6821 | D:7      | 6821 ||| Stepping randomly (stuck).
  6822 | D:7      | 6822 ||| Stepping randomly (stuck).
  6823 | D:7      | 6823 ||| Stepping randomly (stuck).
  6824 | D:7      | 6824 ||| Stepping randomly (stuck).
  6825 | D:7      | 6825 ||| Stepping randomly (stuck).
  6826 | D:7      | 6826 ||| Stepping randomly (stuck).
  6827 | D:7      | 6827 ||| Stepping randomly (stuck).
  6828 | D:7      | 6828 ||| Stepping randomly (stuck).
  6829 | D:7      | 6829 ||| Stepping randomly (stuck).
  6830 | D:7      | 6830 ||| Stepping randomly (stuck).
  6831 | D:7      | 6831 ||| Stepping randomly (stuck).
  6832 | D:7      | 6832 ||| Stepping randomly (stuck).
  6833 | D:7      | 6833 ||| Stepping randomly (stuck).
  6834 | D:7      | 6834 ||| Stepping randomly (stuck).
  6835 | D:7      | 6835 ||| Stepping randomly (stuck).
  6836 | D:7      | 6836 ||| Stepping randomly (stuck).
  6837 | D:7      | 6837 ||| Stepping randomly (stuck).
  6838 | D:7      | 6838 ||| Stepping randomly (stuck).
  6839 | D:7      | 6839 ||| Stepping randomly (stuck).
  6840 | D:7      | 6840 ||| Stepping randomly (stuck).
  6841 | D:7      | 6841 ||| Stepping randomly (stuck).
  6842 | D:7      | 6842 ||| Stepping randomly (stuck).
  6843 | D:7      | 6843 ||| Stepping randomly (stuck).
  6844 | D:7      | 6844 ||| Stepping randomly (stuck).
  6845 | D:7      | 6845 ||| Stepping randomly (stuck).
  6846 | D:7      | 6846 ||| Stepping randomly (stuck).
  6847 | D:7      | 6847 ||| Stepping randomly (stuck).
  6848 | D:7      | 6848 ||| Stepping randomly (stuck).
  6849 | D:7      | 6849 ||| Stepping randomly (stuck).
  6850 | D:7      | 6850 ||| Stepping randomly (stuck).
  6851 | D:7      | 6851 ||| Stepping randomly (stuck).
  6852 | D:7      | 6852 ||| Stepping randomly (stuck).
  6853 | D:7      | 6853 ||| Stepping randomly (stuck).
  6854 | D:7      | 6854 ||| Stepping randomly (stuck).
  6855 | D:7      | 6855 ||| Stepping randomly (stuck).
  6856 | D:7      | 6856 ||| Stepping randomly (stuck).
  6857 | D:7      | 6857 ||| Stepping randomly (stuck).
  6858 | D:7      | 6858 ||| Stepping randomly (stuck).
  6859 | D:7      | 6859 ||| Stepping randomly (stuck).
  6860 | D:7      | 6860 ||| Stepping randomly (stuck).
  6861 | D:7      | 6861 ||| Stepping randomly (stuck).
  6862 | D:7      | 6862 ||| Stepping randomly (stuck).
  6863 | D:7      | 6863 ||| Stepping randomly (stuck).
  6864 | D:7      | 6864 ||| Stepping randomly (stuck).
  6865 | D:7      | 6865 ||| Stepping randomly (stuck).
  6866 | D:7      | 6866 ||| Stepping randomly (stuck).
  6867 | D:7      | 6867 ||| Stepping randomly (stuck).
  6868 | D:7      | 6868 ||| Stepping randomly (stuck).
  6869 | D:7      | 6869 ||| Stepping randomly (stuck).
  6870 | D:7      | 6870 ||| Stepping randomly (stuck).
  6871 | D:7      | 6871 ||| Stepping randomly (stuck).
  6872 | D:7      | 6872 ||| Stepping randomly (stuck).
  6873 | D:7      | 6873 ||| Stepping randomly (stuck).
  6874 | D:7      | 6874 ||| Stepping randomly (stuck).
  6875 | D:7      | 6875 ||| Stepping randomly (stuck).
  6876 | D:7      | 6876 ||| Stepping randomly (stuck).
  6877 | D:7      | 6877 ||| Stepping randomly (stuck).
  6878 | D:7      | 6878 ||| Stepping randomly (stuck).
  6879 | D:7      | 6879 ||| Stepping randomly (stuck).
  6880 | D:7      | 6880 ||| Stepping randomly (stuck).
  6881 | D:7      | 6881 ||| Stepping randomly (stuck).
  6882 | D:7      | 6882 ||| Stepping randomly (stuck).
  6883 | D:7      | 6883 ||| Stepping randomly (stuck).
  6884 | D:7      | 6884 ||| Stepping randomly (stuck).
  6885 | D:7      | 6885 ||| Stepping randomly (stuck).
  6886 | D:7      | Quit the game

Levels and vault maps discovered:
D:1:      scummos_arrival_checkerplants, layout_basic
D:2:      minmay_alternating_diamond, layout_basic, kennysheep_donut,
          nicolae_the_louvre, uniq_jessica
D:3:      layout_loops_corners
D:4:      kennysheep_slugbush, layout_loops_ring, kennysheep_orc_sif_temple
D:5:      layout_layer_cave, minmay_temple_entry_junction,
          gammafunk_ghost_mausoleum
D:6:      layout_basic, grunt_temple_overflow_open, portal_sewer_entry_d
D:7:      layout_loops_ring, elyvilon_altar_1, trog_butcher_becter,
          chequers_ossuary_entry_cave, ebering_ghost_reflecting_pool,
          minmay_nine_imps, uniq_maggie, uniq_pikel
Temple:   nicolae_temple_bog_church

Skill      XL: |  1  2  3  4  5  6  7  8  9 10 |
---------------+-------------------------------+-----
Ranged Weapons | 4 5 6 7 9 10 | 10.8
Fighting       | 3 4 5 7 |  7.2
Dodging        | 2 3 |  3.0
Invocations    | 3 4 |  4.1
Armour         | 1 |  1.3
Stealth        | |  1.5

Action                     |  1- 3 |  4- 6 |  7- 9 | 10-12 || total
---------------------------+-------+-------+-------+-------++-------
   Fire: Shortbow          |    35 |    90 |   225 |    21 ||   371
 Invoke: Heroism           |       |       |     8 |       ||     8
Ability: Spit Poison       |    15 |     8 |       |       ||    23
         Breathe Poison Ga |       |    25 |    22 |     3 ||    50
    Use: Scroll            |     7 |     7 |     2 |     1 ||    17
         Potion            |       |     2 |     2 |     1 ||     5
 Armour: Leather armour    |       |    10 |    14 |       ||    24
  Dodge: Dodged            |     3 |    22 |    79 |     3 ||   107

Table legend:
 A = Non-vault XP
 B = Vault XP
 C = Vault XP percentage of total XP
 D = Non-vault monster count
 E = Vault monster count
 F = Vault count percentage of total count
                 A         B        C        D         E       F
            +---------+---------+-------+---------+---------+-------
      Total |    3966 |    1184 |  23.0 |     136 |      18 |  11.7
            +---------+---------+-------+---------+---------+-------
        D:1 |      41 |       0 |   0.0 |      19 |       0 |   0.0
        D:2 |      42 |      41 |  49.4 |      16 |       4 |  20.0
        D:3 |     213 |       0 |   0.0 |      20 |       0 |   0.0
        D:4 |     120 |      74 |  38.1 |      20 |      11 |  35.5
        D:5 |    1239 |       0 |   0.0 |      18 |       0 |   0.0
        D:6 |    1349 |      14 |   1.0 |      27 |       1 |   3.6
        D:7 |     962 |    1055 |  52.3 |      16 |       2 |  11.1
            +---------+---------+-------+---------+---------+-------
